 Dungeon Crawl Stone Soup version 0.29-a0-352-g0917bc69df (webtiles) character file.

Game seed: 10654074339039788768

1240 Murumi the Slasher (level 8, 0/66 HPs)
             Began as a Demigod Fighter on Apr 23, 2022.
             Slain by a gnoll
             ... wielding a +1 vampiric halberd
              (2 damage)
             ... on level 5 of the Dungeon.
             The game lasted 00:19:10 (7081 turns).

Murumi the Slasher (Demigod Fighter)                Turns: 7081, Time: 00:19:11

Health: 0/66       AC:  5    Str: 17    XL:     8   Next: 4%
Magic:  10/10      EV: 13    Int: 10    God:
Gold:   73         SH: 11    Dex: 21    Spells: 7/7 levels left

rFire   . . .      SeeInvis +   a - +0 long sword
rCold   . . .      Faith    .   c - +0 buckler
rNeg    . . .      Spirit   .   g - +0 leather armour
rPois   .          Reflect  +   o - +0 helmet {SInv}
rElec   .          Harm     .   (no cloak)
rCorr   +          Rampage  .   n - +0 pair of gloves
Will    .....                   (no boots)
Stlth   +.........              e - amulet of reflection
HPRegen 0.21/turn               b - ring of resist corrosion
MPRegen 0.12/turn               (no ring)

@: lit by a corona, glowing
A: high MP 1, forlorn, divine attributes
a: no special abilities


You were on level 5 of the Dungeon.
You visited 2 branches of the dungeon, and saw 7 of its levels.

You collected 189 gold pieces.
You spent 116 gold pieces at shops.

Inventory:

Hand Weapons
 a - a +0 long sword (weapon)
 f - a +0 hunting sling
Armour
 c - a +0 buckler (worn)
 g - a +0 leather armour (worn)
 n - a +0 pair of gloves (worn)
 o - a +0 helmet of see invisible (worn)
Jewellery
 b - a ring of resist corrosion (left hand)
 e - an amulet of reflection (around neck)
Wands
 j - a wand of digging (2)
Scrolls
 m - 2 scrolls of teleportation
Potions
 d - a potion of might
 i - a potion of magic
 k - a potion of cancellation
 p - a potion of mutation


   Skills:
 - Level 4.0 Fighting
 - Level 4.0 Long Blades
 - Level 4.0 Slings
 - Level 4.0 Armour
 + Level 3.6 Dodging
 - Level 2.0 Stealth
 - Level 4.0 Shields
 - Level 2.0 Evocations


You had 7 spell levels left.
You didn't know any spells.
Your spell library contained the following spells:

 Spells                   Type           Power      Damage    Failure   Level
 Freeze                   Ice            0%         1d3       52%         1
 Frozen Ramparts          Ice            0%         1d2       87%         3
 Hailstorm                Conj/Ice       0%         3d3       99%         4


Dungeon Overview and Level Annotations

Branches:
Dungeon (6/15)             Temple (1/1) D:4

Shops:
D:4 ?:[

Annotations:
D:6 exclusion: door


Innate Abilities, Weirdness & Mutations

You have an increased reservoir of magic. (+10% MP)
You shall have no god before yourself.
Your divine heritage dramatically boosts your attributes as you level up.


Message History

The gnoll barely misses you.
You hit the gnoll shaman but do no damage.
The gnoll shaman is lightly wounded.
The gnoll shaman hits you with a +0 club!
You block the gnoll's attack. The gnoll barely misses you.
The gnoll shaman calls upon its god to heal the gnoll.
The gnoll is healed somewhat.
You slash the gnoll shaman!
The gnoll shaman is severely wounded.
The gnoll completely misses you. The gnoll shaman completely misses you.
You block the gnoll's attack.
You closely miss the gnoll shaman.
The gnoll shaman is severely wounded.
You block the gnoll's attack.
The gnoll shaman invokes the aid of its god against you.
You are outlined in light.
Unknown command.
You closely miss the gnoll shaman.
The gnoll shaman is severely wounded.
The gnoll closely misses you. You block the gnoll shaman's attack.
You block the gnoll's attack.
You hit the gnoll shaman but do no damage.
The gnoll shaman is severely wounded.
The gnoll hits you from afar with a +1 vampiric halberd!
* * * LOW HITPOINT WARNING * * *
The gnoll shaman barely misses you.
The gnoll hits you from afar with a +1 vampiric halberd!
* * * LOW HITPOINT WARNING * * *
The gnoll shaman closely misses you.
Okay, then.
Okay, then.
Okay, then.
Throw: throwing net
Press: ? - help, Q - select action Shift-Dir - straight line, f - gnoll
Aim: a gnoll, wielding a +1 vampiric halberd (heavily wounded, fast, 69% to hit)
You throw a throwing net. The throwing net hits the gnoll shaman.
The gnoll shaman is caught in the net!
The gnoll shaman is severely wounded.
The gnoll hits you from afar with a +1 vampiric halberd.
You die...

########.....#
#..#....#.####.# #.#####
#............... #.#
#....#.......... #.#
#..g.#....>...## #.#
#....#...###.... #.#
#....#........##
#.########....#........##
#........#g...#...#...(..
########@#.##.#...#......
#g#.......##......
#.g....##.........
#.#######.######## ###
###


You could see a gnoll shaman (caught) and a gnoll (fast).

Vanquished Creatures
  A water moccasin (D:4)
  An ice beast (D:6)
  A sky beast (D:6)
  A phantom (D:5)
  2 wyvern zombies (D:6)
  A bullfrog (D:6)
  A water moccasin skeleton (D:6)
  A water moccasin zombie (D:6)
  2 electric eels (D:6)
  4 bullfrog zombies (D:6)
  A hound (D:6)
  A jelly (D:5)
  A bullfrog skeleton (D:6)
  A centaur zombie (D:6)
  An orc wizard (D:4)
  2 killer bee zombies (D:6)
  Robin (Temple)
  A gnoll (D:5)
  A howler monkey skeleton (D:6)
  5 adders
  A shadow imp (D:5)
  A white imp (D:6)
  An ufetubus (D:6)
  3 worms
  3 dart slugs
  13 orcs
  3 endoplasms
  5 giant cockroaches
  14 goblins
  8 hobgoblins
  4 jackals
  5 quokkas
  2 ball pythons
  4 bats
  5 frilled lizards
  6 kobolds
  2 rats
110 creatures vanquished.

Vanquished Creatures (others)
  4 plants (D:6)
  A withered plant (D:6)
5 creatures vanquished.

Grand Total: 115 creatures vanquished

Notes
Turn   | Place    | Note
-------+----------+-------------------------------------------
     0 | D:1      | Murumi the Demigod Fighter began the quest for the Orb.
     0 | D:1      | Reached XP level 1. HP: 18/18 MP: 3/3
   269 | D:1      | Reached XP level 2. HP: 26/26 MP: 4/4
   724 | D:2      | Reached skill level 1 in Dodging
   724 | D:2      | Reached XP level 3. HP: 25/31 MP: 5/5
   841 | D:2      | Reached skill level 1 in Stealth
  1976 | D:3      | Reached XP level 4. HP: 32/38 MP: 6/6
  2603 | D:4      | Found Beaw Xyete's Magic Scroll Shop.
  2603 | D:4      | Found Utaerye's Book Shoppe.
  2671 | D:4      | Found a staircase to the Ecumenical Temple.
  2679 | D:4      | Found Jifa's Antique Armour Shoppe.
  2686 | D:4      | Bought a pair of gloves for 103 gold pieces
  2726 | D:4      | Noticed Robin
  2762 | Temple   | Entered the Ecumenical Temple
  2773 | Temple   | Killed Robin
  3276 | D:4      | Bought a scroll of noise for 13 gold pieces
  3520 | D:4      | Reached skill level 1 in Slings
  4230 | D:4      | Reached XP level 5. HP: 45/45 MP: 7/7
  4296 | D:4      | Noticed a water moccasin
  4308 | D:4      | Killed a water moccasin
  4309 | D:4      | Reached skill level 1 in Evocations
  4718 | D:5      | Entered Level 5 of the Dungeon
  4891 | D:5      | Reached XP level 6. HP: 15/51 MP: 8/8
  5386 | D:6      | Reached XP level 7. HP: 57/57 MP: 9/9
  5993 | D:6      | Noticed a two-headed ogre
  6722 | D:6      | Reached XP level 8. HP: 60/66 MP: 10/10
  7080 | D:5      | HP: 2/66 [gnoll/+1 vampiric halberd (10)]
  7081 | D:5      | Slain by a gnoll

Illustrated notes

Levels and vault maps discovered:
D:1:      dpeg_arrival_rooms_c, layout_rooms, basic_ecumenical_altar,
          hex_medium, minmay_liquid_box
D:2:      layout_basic, basic_altar
D:3:      cheibrodos_old_hovel, layout_basic
D:4:      layout_layer_cave, minmay_temple_entry_stoned_glass, serial_shops,
          nicolae_shop_trees, shop, nicolae_shop_crystal, uniq_robin
D:5:      nicolae_cairo_tiling_large_dashed, layout_basic,
          hangedman_decor_peaks_small, lightli_minifort
D:6:      layout_basic, mainiacjoe_overflow_alcove_2, serial_undead,
          serial_undead_d, serial_undead_b, serial_undead_f, serial_undead_d,
          serial_undead_b, serial_undead_d, serial_shops, kennysheep_little_box,
          serial_bayou_lagoon_b
Temple:   kilobyte_greek_temple

Skill      XL: |  1  2  3  4  5  6  7 |
---------------+----------------------+-----
Long Blades    | 2 3 4 |  4.0
Fighting       | 3 4 |  4.0
Armour         | 3 4 |  4.0
Shields        | 3 4 |  4.0
Dodging        | 1 2 3 |  3.6
Stealth        | 1 2 |  2.0
Slings         | 1 3 4 |  4.0
Evocations     | 2 |  2.0

Action                   |  1- 3 |  4- 6 |  7- 9 || total
-------------------------+-------+-------+-------++-------
Melee: Long sword        |   136 |   174 |   121 ||   431
 Fire: Hunting sling     |       |    84 |    53 ||   137
Throw: Throwing net      |       |       |     1 ||     1
  Use: Scroll            |     5 |     6 |       ||    11
       Potion            |       |     6 |       ||     6
Armor: Scale mail        |    42 |     5 |       ||    47
       Leather armour    |       |    52 |    27 ||    79
       Skin              |       |    26 |       ||    26
Dodge: Dodged            |    43 |   106 |    73 ||   222
Block: Buckler           |    67 |   141 |    88 ||   296
       Reflection        |     2 |     1 |       ||     3

Table legend: (Time is in decaauts)
 A = Elapsed time spent in this place.
 B = Non-inter-level travel time spent in this place.
 C = Inter-level travel time spent in this place.
 D = Time resting spent in this place.
 E = Time spent auto-exploring this place.
 F = Levels seen in this place.
 G = Mean time per level.
                   A        B        C        D        E       F      G
               +--------+--------+--------+--------+--------+-----+--------+
         Total |   7249 |   6902 |    347 |    501 |   5113 |   7 | 1035.6 |
       Dungeon |   6970 |   6625 |    345 |    501 |   4858 |   6 | 1161.7 |
        Temple |    278 |    276 |      2 |      0 |    255 |   1 |  278.0 |
               +--------+--------+--------+--------+--------+-----+--------+

Top non-repeatable levels by time:
     D:6: 1922 daAuts
     D:4: 1854 daAuts
     D:3: 1152 daAuts
     D:2: 833 daAuts
     D:1: 735 daAuts
     D:5: 472 daAuts
  Temple: 278 daAuts
